 Dungeon Crawl Stone Soup version 0.29-a0-283-ga02f740833 (webtiles) character file.

Game seed: 10341952636231969517

176 Gildeon the Chopper (level 5, -26/45 HPs)
             Began as a Minotaur Fighter on Mar 13, 2022.
             Annihilated by an ogre
             ... wielding a +0 giant club
              (31 damage)
             ... on level 5 of the Dungeon.
             The game lasted 00:10:07 (3625 turns).

Gildeon the Chopper (Minotaur Fighter)              Turns: 3625, Time: 00:10:07

Health: -26/45     AC:  6    Str: 23    XL:     5   Next: 30%
Magic:  4/4        EV:  9    Int:  5    God:
Gold:   126        SH:  4    Dex:  9    Spells: 4/4 levels left

rFire   . . .      SeeInvis .   a - +0 war axe
rCold   . . .      Faith    .   c - +0 buckler
rNeg    + . .      Spirit   .   b - +0 scale mail
rPois   .          Reflect  .   (helmet restricted)
rElec   .          Harm     .   (no cloak)
rCorr   .          Rampage  .   (no gloves)
Will    .....                   (no boots)
Stlth   ..........              (no amulet)
HPRegen 0.15/turn               l - ring of positive energy
MPRegen 0.09/turn               (no ring)

@: no status effects
A: horns 2, retaliatory headbutt
a: no special abilities


You were on level 5 of the Dungeon.
You visited 1 branch of the dungeon, and saw 5 of its levels.

You collected 126 gold pieces.

Inventory:

Hand Weapons
 a - a +0 war axe (weapon)
 e - a +0 club
Armour
 b - a +0 scale mail (worn)
 c - a +0 buckler (worn)
Jewellery
 l - a ring of positive energy (left hand)
Wands
 o - a wand of paralysis (7)
Scrolls
 k - a scroll of magic mapping {unknown}
 p - 2 scrolls of amnesia
 q - a scroll of summoning {unknown}
 r - a scroll of silence {unknown}
 s - a scroll of holy word {unknown}
Potions
 d - a potion of might
 f - 2 potions of heal wounds
 i - a potion of haste {unknown}
 m - a potion of curing {unknown}
 n - a potion of flight {unknown}


   Skills:
 - Level 3.6 Fighting
 + Level 6.8 Axes
 - Level 3.6 Armour
 - Level 3.6 Shields


You had 4 spell levels left.
You didn't know any spells.
Your spell library was empty.

Dungeon Overview and Level Annotations

Branches:
Dungeon (5/15)
 Temple: D:4-7

Altars:

Shops:
D:1 (

Annotations:
D:4 Menkaure


Innate Abilities, Weirdness & Mutations

You have a pair of horns on your head.
You reflexively headbutt those who attack you in melee.


Message History

You barely resist.
You climb upwards.
There is a stone staircase leading down here.
There is a stone staircase leading down here.
You climb downwards.
Level annotation: Menkaure
Found 11 gold pieces.
There is a stone staircase leading up here.
A kobold comes into view. It is wielding a +0 dagger.
The kobold throws a stone.
The stone misses you.
You closely miss the kobold. The kobold barely misses you.
You furiously retaliate!
You headbutt the kobold, but do no damage.
You slash the kobold!
You kill the kobold!
Things that are here:
a +0 dagger; a stone
Found 10 gold pieces.
Found 11 stones.
You now have 126 gold pieces (gained 10).
There is a stone staircase leading down here.
You climb downwards.
There is a stone staircase leading up here.
An ogre comes into view. It is wielding a +0 giant club.
The ogre shouts!
The ogre hits you with a +0 giant club!!
You slash the ogre!
The ogre is moderately wounded.
You slash the ogre!
The ogre is severely wounded.
The ogre hits you with a +0 giant club!
You barely miss the ogre.
The ogre is severely wounded.
The ogre hits you with a +0 giant club!
* * * LOW HITPOINT WARNING * * *
You hit the ogre.
The ogre is almost dead.
The ogre hits you with a +0 giant club!!
Ouch! That really hurt!
You die...

##########.
#..@O......
########.########.
#...<...........
########.#######
#... #####


You could see an ogre.

Vanquished Creatures
  Jessica (D:3)
  An orc wizard (D:3)
  4 adders (D:2)
  A dart slug (D:1)
  8 orcs (D:3)
  6 ball pythons
  4 endoplasms
  2 giant cockroaches (D:2)
  10 goblins
  9 hobgoblins
  4 jackals (D:3)
  6 quokkas
  3 bats
  7 kobolds
  8 rats
74 creatures vanquished.

Notes
Turn   | Place    | Note
-------+----------+-------------------------------------------
     0 | D:1      | Gildeon the Minotaur Fighter began the quest for the Orb.
     0 | D:1      | Reached XP level 1. HP: 19/19 MP: 0/0
     2 | D:1      | Noticed a felid
     4 | D:1      | Noticed a vine stalker
     4 | D:1      | Noticed a naga
     6 | D:1      | Noticed a gargoyle
     8 | D:1      | Noticed an elf
     8 | D:1      | Noticed a troll
    10 | D:1      | Noticed a demonspawn
    12 | D:1      | Noticed a vampire
    12 | D:1      | Noticed a spriggan
    14 | D:1      | Noticed a demigod
    16 | D:1      | Noticed a tengu
    16 | D:1      | Noticed an octopode
    18 | D:1      | Noticed a draconian
    18 | D:1      | Noticed a minotaur
    20 | D:1      | Noticed a human
    22 | D:1      | Noticed a dwarf
    22 | D:1      | Noticed an ogre
    24 | D:1      | Noticed a formicid
    24 | D:1      | Noticed a ghoul
    26 | D:1      | Noticed a merfolk
   329 | D:1      | Reached skill level 3 in Axes
   359 | D:1      | Found Cedekem's Weapon Boutique.
   388 | D:1      | Found a faded altar of an unknown god.
   396 | D:1      | Reached XP level 2. HP: 24/26 MP: 1/1
   722 | D:1      | Reached skill level 4 in Axes
   985 | D:1      | Reached XP level 3. HP: 27/31 MP: 2/2
  1583 | D:2      | Reached skill level 5 in Axes
  1622 | D:2      | Reached XP level 4. HP: 34/39 MP: 3/3
  2320 | D:3      | Reached skill level 6 in Axes
  2632 | D:3      | Reached XP level 5. HP: 27/45 MP: 4/4
  2928 | D:3      | Noticed Jessica
  2937 | D:3      | Killed Jessica
  3488 | D:4      | Noticed a black bear
  3529 | D:4      | Noticed Menkaure
  3614 | D:5      | Entered Level 5 of the Dungeon
  3619 | D:5      | Noticed an ogre
  3625 | D:5      | Annihilated by an ogre

Illustrated notes

Levels and vault maps discovered:
D:1:      kb_arrival_jail, layout_loops_ring, hellmonk_ecumenical_altar_run_dry,
          serial_shops, nicolae_shop_hallway_stairs, nrook_campfire
D:2:      layout_loops_ring, hangedman_abyss_or_decor_stabs,
          corexii_corridor_pit
D:3:      layout_rooms, amcnicky_mini_corridor_feature,
          minmay_misc_feat_more_columns, uniq_jessica
D:4:      layout_layer_cave, mainiacjoe_overflow_surrounded_room, uniq_menkaure
D:5:      layout_basic, minmay_temple_entry_enclosed_plants,
          guppyfry_early_orc_mine, uniq_prince_ribbit1, uniq_ijyb, uniq_duvessa

Skill      XL: |  1  2  3  4 |
---------------+-------------+-----
Axes           | 3 4 5 6 |  6.8
Fighting       | |  3.6
Armour         | |  3.6
Shields        | |  3.6

Action                   |  1- 3 |  4- 6 || total
-------------------------+-------+-------++-------
Melee: War axe           |    92 |    82 ||   174
       Headbutt          |     4 |    12 ||    16
  Use: Scroll            |       |     4 ||     4
Armor: Scale mail        |    41 |    29 ||    70
Dodge: Dodged            |    49 |    31 ||    80
Block: Buckler           |    25 |    15 ||    40

Table legend: (Time is in decaauts)
 A = Elapsed time spent in this place.
 B = Non-inter-level travel time spent in this place.
 C = Inter-level travel time spent in this place.
 D = Time resting spent in this place.
 E = Time spent auto-exploring this place.
 F = Levels seen in this place.
 G = Mean time per level.
                   A        B        C        D        E       F      G
               +--------+--------+--------+--------+--------+-----+--------+
         Total |   3678 |   3291 |    387 |     70 |   2491 |   5 |  735.6 |
       Dungeon |   3678 |   3291 |    387 |     70 |   2491 |   5 |  735.6 |
               +--------+--------+--------+--------+--------+-----+--------+

Top non-repeatable levels by time:
     D:1: 1578 daAuts
     D:3: 1132 daAuts
     D:2: 784 daAuts
     D:4: 172 daAuts
     D:5: 11 daAuts
